Cogmind - Beta 11 @@@ ROGUE MODE // 2022.03.28 @ 20:17:03 Player: Red Box Result: Self-destructed Performance ------------- Evolutions (1) 500 Regions Visited (6) 1200 Robots Destroyed (81) 405 Value Destroyed (1711) 1711 Prototype IDs (31) 620 Alien Tech Used (0) 0 Bonus (361) 361 TOTAL SCORE: 4797 Bonus ------- Follower Combat Kills 72 Aligned with FarCom 300 Friendly Fire -11 Cogmind --------- Core Integrity 108/400 Matter 272/300 Energy 280/280 System Corruption 1% Temperature Cool (0) Movement Hovering (236) Ox3 Location -8/Mines Parts ------- > --- POWER (1) -------- Cooled Ion Engine > --- PROPULSION (2) --- Airjet Airjet > --- UTILITY (3) ------ Cooling System High-capacity Storage Unit > --- WEAPON (3) ------- Spread Laser Shotgun > --- INVENTORY (20) --- Airjet Airjet Combat Airjet Cooling System Superbattery (1289) Advanced Targeting Computer Improved Power Shielding Propulsion Shielding Splice Drone Bay (6/6) Improved EM Shotgun Light EM Pulse Cannon Autogun Improved Assault Rifle Improved Light Cannon Improved Light Cannon Advanced EMP Blaster Advanced EMP Blaster Makeshift Hammer Peak State ------------ > --- POWER ------------ Cooled Ion Engine > --- PROPULSION ------- Compact Wheel Compact Wheel > --- UTILITY ---------- Huge Storage Unit Weapon Shielding Splice Drone Bay > --- WEAPON ----------- Spread Laser Spread Laser Improved Medium Laser > --- INVENTORY -------- Cooled Ion Engine Airjet Airjet Airjet Airjet Combat Airjet Cooling System High-capacity Storage Unit Large Battery Advanced Targeting Computer Improved Power Shielding Propulsion Shielding Improved EM Shotgun Spread Laser Light EM Pulse Cannon Particle Cannon Autogun Autogun Shotgun Improved Assault Rifle Improved Light Cannon Improved Light Cannon Advanced EMP Blaster Advanced EMP Blaster Axe [Rating: 27] Favorites ----------- Power Cooled Ion Engine Engine Cooled Ion Engine Propulsion Compact Wheel Leg Aluminum Leg Wheel Compact Wheel Hover Unit Airjet Utility Weapon Shielding Device Cooling System Storage High-capacity Storage Unit Protection Weapon Shielding Weapon Spread Laser Energy Gun Spread Laser Ballistic Gun Autogun Impact Weapon Heavy Hammer Build | -11 -10 -10 -9 -9 -9 -8 ------- Run | Scr Mat Min Mat Min Exi Min Slots Evolved 2 | . . . 2 . . . Power . | . . . . . . . Propulsion . | . . . . . . . Utility 1 | . . . 1 . . . Weapon 1 | . . . 1 . . . Parts Attached 63 | 7 12 5 28 4 . 7 Power 8 | 1 1 . 4 1 . 1 Engine 8 | 1 1 . 4 1 . 1 Core . | . . . . . . . Reactor . | . . . . . . . Propulsion 19 | 2 3 2 10 . . 2 Treads . | . . . . . . . Leg 2 | 2 . . . . . . Wheel 12 | . 3 2 7 . . . Hover 5 | . . . 3 . . 2 Flight . | . . . . . . . Utility 16 | 2 4 1 5 3 . 1 Device 8 | 1 2 1 2 2 . . Storage 5 | 1 2 . 1 . . 1 Processor . | . . . . . . . Hackware . | . . . . . . . Protection 3 | . . . 2 1 . . Artifact . | . . . . . . . Weapon 20 | 2 4 2 9 . . 3 Energy Gun 16 | 2 2 2 8 . . 2 Energy Cannon . | . . . . . . . Ballistic Gun 3 | . 2 . . . . 1 Ballistic Cannon . | . . . . . . . Launcher . | . . . . . . . Special Weapon . | . . . . . . . Impact Weapon 1 | . . . 1 . . . Slashing Weapon . | . . . . . . . Piercing Weapon . | . . . . . . . Special Melee Weapon . | . . . . . . . Unidentified Prototypes 3 | . . . 2 1 . . Parts Lost 18 | . 3 . 7 . . 8 Power 3 | . 1 . 1 . . 1 Propulsion 6 | . 1 . 3 . . 2 Utility 3 | . 1 . 1 . . 1 Weapon 6 | . . . 2 . . 4 Highest Loss Streak 8 | . 3 . 1 . . 8 To Critical Strikes . | . . . . . . . Average Slot Usage (%) 96 | . 86 100 97 99 100 93 Engine 10 | . 4 14 10 11 11 10 Wheel 20 | . 22 28 18 22 22 18 Hover 1 | . . . 2 . . 2 Device 12 | . 13 14 12 11 11 11 Storage 11 | . 14 14 11 11 11 11 Protection 6 | . . . 9 10 11 8 Energy Gun 27 | . 21 5 32 33 33 29 Ballistic Gun 3 | . 3 22 . . . . Naked Turns . | . . . . . . . Heaviest Build 106 | 13 50 50 100 106 100 100 Greatest Support 32 | 20 26 26 32 32 32 32 Greatest Overweight (x) 5 | 1 2 1 5 3 3 5 Average Overweight (x) 1 | . . 1 1 3 3 3 Largest Inventory Capacity 25 | 8 20 20 25 25 25 25 Average Capacity 20 | 7 15 20 20 25 25 24 Most Carried 25 | 8 20 20 25 25 25 25 Average Carried 19 | 6 12 19 19 24 24 24 Final Capacity 25 | 8 20 20 25 25 25 20 Final Carried 25 | 8 20 20 25 25 25 18 Class Distribution -------------------- 59% | Tank 34% | Mutant 5% | Gunner Dominant Class ---------------- Mutant | -10/Materials Mutant | -10/Mines Tank | -9/Materials Tank | -9/Mines Tank | -9/Exiles Tank | -8/Mines Resources | -11 -10 -10 -9 -9 -9 -8 ----------- Run | Scr Mat Min Mat Min Exi Min Matter Collected 937 | 270 141 137 302 50 7 30 Remotely . | . . . . . . . Salvage Created 2385 | 210 495 56 1341 253 . 30 Parts 144 | 13 32 3 71 22 . 3 Haulers Intercepted 7 | . 2 . 5 . . . Recyclers Shooed 2 | . . . 2 . . . Parts Field Recycled . | . . . . . . . Retrieved Matter . | . . . . . . . Parts Self-Destructed . | . . . . . . . Prevented . | . . . . . . . Kills | -11 -10 -10 -9 -9 -9 -8 ------- Run | Scr Mat Min Mat Min Exi Min Combat Hostiles Destroyed 57 | . 12 3 28 12 . 2 Guns 55 | . 12 3 26 12 . 2 Classes Destroyed 10 | 2 4 1 3 . . . Worker 2 | . . . 2 . . . Tunneler 5 | 5 . . . . . . Hauler 7 | . 2 . 5 . . . Recycler 6 | 1 . . 5 . . . Watcher 5 | . 2 . 3 . . . Swarmer 21 | . 6 1 7 7 . . Grunt 24 | . 6 1 12 4 . 1 Brawler 2 | . . . 1 1 . . Sentry 8 | . . . 8 . . . Assembled 1 | . . 1 . . . . Best Kill Streak 6 | 3 6 1 3 4 . 2 Combat Bots Only 6 | . 6 1 3 4 . 2 Max Kills in Single Turn 2 | 1 1 1 2 2 . 1 Gunslinging 1 | . . . 1 1 . . Exploded . | . . . . . . . Melee . | . . . . . . . Uniques/NPCs Destroyed 1 | . . . . . . 1 CL-ANK (-8/Mines) Combat | -11 -10 -10 -9 -9 -9 -8 -------- Run | Scr Mat Min Mat Min Exi Min Damage Taken 2265 | . 591 68 842 201 59 504 Core 443 | . 131 20 153 84 . 55 Absorbed by Shields . | . . . . . . . Redirected to Shielding 136 | . . . 75 13 5 43 Regen/Repaired (Parts) 229 | . . . 229 . . . Core Remaining (%) 69 | 100 . 39 . . . . Volleys Fired 170 | 21 53 7 58 15 1 15 Largest 3 | 2 2 2 3 3 3 3 Hottest 195 | 80 90 130 195 186 186 195 Shots Fired 408 | 42 100 14 169 45 4 34 Gun 408 | 42 100 14 169 45 4 34 Cannon . | . . . . . . . Launcher . | . . . . . . . Special . | . . . . . . . Kinetic 12 | . . 10 . . . 2 Thermal 395 | 42 100 4 168 45 4 32 Explosive . | . . . . . . . Electromagnetic 1 | . . . 1 . . . Robot Hit Streak 21 | 5 15 3 21 14 4 12 Robot Miss Streak 10 | 3 5 5 10 7 7 3 Penetration Max . | . . . . . . . Secondary Targets 8 | . 1 . 4 3 . . Max Gunslinging Chain 1 | . 1 . 1 1 . . Shots Hit Robots 318 | 22 63 7 154 37 2 33 Core Hits 289 | 7 25 7 184 38 2 26 Critical Kills . | . . . . . . . Critical Parts Destroyed 1 | . . . 1 . . . Critical Strikes 8 | . 5 . 1 1 . 1 Burn 7 | . 5 . . 1 . 1 Smash 1 | . . . 1 . . . Melee Attacks 23 | . . . 23 . . . Impact 23 | . . . 23 . . . Slashing . | . . . . . . . Piercing . | . . . . . . . Sneak Attacks 1 | . . . 1 . . . Combat Hostiles 1 | . . . 1 . . . Follow-up Attacks . | . . . . . . . Damage Inflicted 4350 | 244 744 94 2343 454 31 440 Guns 3894 | 244 744 94 1887 454 31 440 Cannons . | . . . . . . . Explosions . | . . . . . . . Melee 456 | . . . 456 . . . Ramming . | . . . . . . . Kinetic 77 | . . 44 . . . 33 Thermal 3817 | 244 744 50 1887 454 31 407 Explosive . | . . . . . . . Electromagnetic . | . . . . . . . Impact 456 | . . . 456 . . . Slashing . | . . . . . . . Piercing . | . . . . . . . Highest Corruption 2 | . 2 2 1 1 1 1 Average Corruption 1 | . 2 2 1 1 1 1 Corruption Purged . | . . . . . . . Corruption Blocked . | . . . . . . . Effects 50 | . 8 7 23 8 4 . Message Errors 12 | . 3 1 6 2 . . Matter Fused 14 | . 4 4 4 1 1 . Heat Flow Errors 6 | . . 1 3 2 . . Energy Discharges 4 | . . . 3 1 . . Parts Rejected 1 | . . . . 1 . . Data Loss (minor) 4 | . 1 . 1 1 1 . Data Loss (major) 5 | . . 1 3 . 1 . Misfires 1 | . . . . . 1 . Weapon Failures 3 | . . . 3 . . . Overload Shots . | . . . . . . . Overflow Damage 165 | . . . 165 . . . Projectiles 1 | . . . 1 . . . Explosions . | . . . . . . . Melee 164 | . . . 164 . . . Knockbacks 10 | . . . 10 . . . Impact 5 | . . . 5 . . . Kinetic . | . . . . . . . Secondary 5 | . . . 5 . . . Self-Inflicted Damage . | . . . . . . . Shots . | . . . . . . . Rammed . | . . . . . . . Targets Rammed . | . . . . . . . Kicked . | . . . . . . . Crushed . | . . . . . . . Highest Temperature 407 | 72 312 138 407 207 45 135 Average Temperature 89 | 25 138 51 87 69 30 74 Received Heat Transfer 631 | . 162 40 330 54 . 45 Effects 7 | . 5 . 2 . . . Shutdowns 1 | . . . 1 . . . Energy Bleed 2 | . 2 . . . . . Interference 4 | . 3 . 1 . . . Siege Activations . | . . . . . . . Robots Corrupted . | . . . . . . . Combat Hostiles . | . . . . . . . Parts Fried . | . . . . . . . Impact Corruptions 5 | . . . 5 . . . Robots Melted . | . . . . . . . Combat Hostiles . | . . . . . . . Parts Melted 10 | 1 4 . 4 1 . . Heat Transferred 6286 | 550 2281 60 2404 748 40 203 Parts Sabotaged . | . . . . . . . Parts Stolen . | . . . . . . . Parts Stripped . | . . . . . . . Power Chain Reactions . | . . . . . . . Missiles Intercepted . | . . . . . . . Alert | -11 -10 -10 -9 -9 -9 -8 ------- Run | Scr Mat Min Mat Min Exi Min Peak Influence 356 | 30 273 96 356 315 . 20 Initial 110 | . 19 34 37 110 . . Average 153 | 11 115 39 211 180 . . Maximum Alert Level 1 | . 1 . 1 1 . . Low Security (%) 67 | 100 88 100 47 58 . 100 Level 1 32 | . 11 . 52 41 . . Level 2 . | . . . . . . . Level 3 . | . . . . . . . Level 4 . | . . . . . . . Level 5 . | . . . . . . . High Security . | . . . . . . . Max Security . | . . . . . . . Squads Dispatched 5 | . 2 1 2 . . . Investigation 3 | . 2 . 1 . . . Extermination . | . . . . . . . Reinforcement 1 | . . . 1 . . . Assault 1 | . . 1 . . . . Garrison . | . . . . . . . Intercept . | . . . . . . . Searches Triggered . | . . . . . . . Construction Impeded . | . . . . . . . Haulers Reinforced . | . . . . . . . Active Scanning Responses . | . . . . . . . Cargo Convoy Interrupts . | . . . . . . . Stealth | -11 -10 -10 -9 -9 -9 -8 --------- Run | Scr Mat Min Mat Min Exi Min Distress Signals 5 | . 2 . 3 . . . Communications Jammed . | . . . . . . . Distress Signals . | . . . . . . . Times Spotted 91 | . 19 6 52 12 . 2 Peak Tracking Total 5 | . 5 3 5 4 3 2 Tactical Retreats 5 | . . 1 4 . . . Traps | -11 -10 -10 -9 -9 -9 -8 ------- Run | Scr Mat Min Mat Min Exi Min Traps Triggered 4 | . 3 . 1 . . . Indirectly . | . . . . . . . Trap Hack Attempts . | . . . . . . . Triggered . | . . . . . . . Disarmed . | . . . . . . . Reprogrammed 6 | . . . 6 . . . Reused 3 | . . . 3 . . . Traps Extracted . | . . . . . . . Installed 1 | . . . 1 . . . Triggered 3 | . . . 3 . . . Most Traps Carried 3 | . . 3 2 . . . Machines | -11 -10 -10 -9 -9 -9 -8 ---------- Run | Scr Mat Min Mat Min Exi Min Machines Disabled 2 | . . . 1 1 . . Max in Single Turn 1 | . . . 1 1 . . Machines Sabotaged . | . . . . . . . Garrisons Compromised . | . . . . . . . Overloaded Fab Kills . | . . . . . . . Hacking | -11 -10 -10 -9 -9 -9 -8 --------- Run | Scr Mat Min Mat Min Exi Min Machines Accessed 28 | . 9 . 16 1 2 . Terminals 17 | . 7 . 10 . . . Fabricators . | . . . . . . . Repair Stations 2 | . . . 2 . . . Recycling Units 4 | . 2 . 2 . . . Scanalyzers 2 | . . . 2 . . . Garrison Access . | . . . . . . . Total Hacks 114 | . 29 . 67 1 17 . Successful 80 | . 15 . 47 1 17 . Failed 32 | . 13 . 19 . . . Catastrophic 3 | . . . 3 . . . Database Lockouts 2 | . 1 . 1 . . . Manual 44 | . 17 . 26 . 1 . Terminals 62 | . 25 . 37 . . . Fabricators . | . . . . . . . Repair Stations 11 | . . . 11 . . . Recycling Units 8 | . 4 . 4 . . . Scanalyzers 15 | . . . 15 . . . Garrison Access . | . . . . . . . Terminal Hacks 36 | . 6 . 12 1 17 . Record 16 | . . . . . 16 . Part Schematic 1 | . . . 1 . . . Robot Analysis 3 | . 2 . 1 . . . Prototype ID Bank 2 | . 2 . . . . . Open Door 1 | . . . . 1 . . Branch Access Points 1 | . . . 1 . . . Emergency Access Points 1 | . . . 1 . . . Terminal Index 2 | . 1 . 1 . . . Unreport Threat 2 | . . . 2 . . . Locate Traps 4 | . 1 . 3 . . . Reprogram Traps 1 | . . . 1 . . . Registered Components 1 | . . . 1 . . . EX-Prototype ID Bank 1 | . . . . . 1 . Fabricator Hacks . | . . . . . . . Repair Station Hacks 8 | . . . 8 . . . Scan Component 4 | . . . 4 . . . Repair 4 | . . . 4 . . . Recycling Unit Hacks 3 | . 2 . 1 . . . Retrieve Components 3 | . 2 . 1 . . . Scanalyzer 15 | . . . 15 . . . Insert Component 6 | . . . 6 . . . Analyze 9 | . . . 9 . . . Garrison Access Hacks . | . . . . . . . Unauthorized Hacks 18 | . 7 . 11 . . . Terminals 16 | . 6 . 10 . . . Track 2 | . 1 . 1 . . . Assimilate 1 | . . . 1 . . . Botnet 10 | . 4 . 6 . . . Operators 3 | . 1 . 2 . . . Fabricators . | . . . . . . . Repair Stations . | . . . . . . . Recycling Units 2 | . 1 . 1 . . . Reject 2 | . 1 . 1 . . . Scanalyzers . | . . . . . . . Garrison Access . | . . . . . . . Data Cores Recovered . | . . . . . . . Used . | . . . . . . . Hacking Detections 23 | . 8 . 15 . . . Full Trace Events 1 | . . . 1 . . . Feedback Events . | . . . . . . . Feedback Blocked . | . . . . . . . Robot Schematics Acquired . | . . . . . . . Robots Built . | . . . . . . . Authchips . | . . . . . . . Time . | . . . . . . . Total Robot Build Rating . | . . . . . . . Part Schematics Acquired 7 | . . . 7 . . . Parts Built . | . . . . . . . Authchips . | . . . . . . . Time . | . . . . . . . Total Part Build Rating . | . . . . . . . Parts Repaired 4 | . . . 4 . . . Time 127 | . . . 127 . . . Parts Recycled . | . . . . . . . Recycled Matter . | . . . . . . . Retrieved Matter . | . . . . . . . Retrieved Components 14 | . 10 . 4 . . . Parts Scanalyzed 6 | . . . 6 . . . Part Schematics Acquired 6 | . . . 6 . . . Parts Damaged . | . . . . . . . Bothacking | -11 -10 -10 -9 -9 -9 -8 ------------ Run | Scr Mat Min Mat Min Exi Min Used RIF Installer . | . . . . . . . Robots Hacked . | . . . . . . . Non-combat . | . . . . . . . Combat . | . . . . . . . Robot Hacks Applied . | . . . . . . . Relay Couplers Released . | . . . . . . . Fabnet Peak Effective % . | . . . . . . . Robots Rewired . | . . . . . . . Allies Hacked . | . . . . . . . Hacks Repelled . | . . . . . . . Allies | -11 -10 -10 -9 -9 -9 -8 -------- Run | Scr Mat Min Mat Min Exi Min Total Allies 4 | . . 4 . . . . Largest Group 4 | . . 4 2 . . . Highest-Rated Group 71 | . . 71 24 . . . Highest-Rated Ally 31 | . . 31 16 . . . Total Orders . | . . . . . . . Ally Attacks 42 | . . 19 23 . . . Total Damage 377 | . . 211 166 . . . Kills 6 | . . 4 2 . . . Allies Corrupted 1 | . . . 1 . . . Allies Melted . | . . . . . . . Intel | -11 -10 -10 -9 -9 -9 -8 ------- Run | Scr Mat Min Mat Min Exi Min Robot Analysis Total 3 | . 2 . 1 . . . Derelict Logs Recovered 3 | . . 2 . 1 . . Drone Launches . | . . . . . . . Drone Recoveries . | . . . . . . . Exploration | -11 -10 -10 -9 -9 -9 -8 ------------- Run | Scr Mat Min Mat Min Exi Min Turns Passed 6777 | 256 1197 714 2896 882 645 187 Spaces Moved 4508 | 136 980 587 1782 493 442 88 Core 6 | 6 . . . . . . Treads . | . . . . . . . Legs 260 | 130 130 . . . . . Wheels 4120 | . 850 587 1662 493 442 86 Hover 122 | . . . 120 . . 2 Flight . | . . . . . . . Fastest Speed 50 | 50 90 105 105 145 145 145 Average Speed 123 | 129 99 105 129 145 145 148 Slowest Speed 360 | 190 120 105 360 145 145 356 Overloaded Moves . | . . . . . . . Propulsion Burnouts . | . . . . . . . Robots Hopped . | . . . . . . . Cave-ins Triggered . | . . . . . . . Exploration Rate (%) 68 | 7 99 93 96 92 70 25 Regions Visited 6 Branch Regions 4 Pre-discovered Areas 2 | . . . . 1 1 . Known Exits Taken 2 | . . 1 1 . . . Unknown Exits Taken 4 | 1 1 . . 1 1 . Scrap Searched 3 | . . 1 . 2 . . Spaces Dug . | . . . . . . . Terrain Destroyed . | . . . . . . . Melee . | . . . . . . . Projectile . | . . . . . . . AOE . | . . . . . . . Terrain Rammed . | . . . . . . . Walls Destroyed . | . . . . . . . Machines Disabled . | . . . . . . . Actions | -11 -10 -10 -9 -9 -9 -8 --------- Run | Scr Mat Min Mat Min Exi Min Total 5351 | 171 1106 677 2209 627 444 117 Wait 466 | . 28 58 271 107 . 2 Move 4502 | 135 979 586 1781 492 441 88 Hop . | . . . . . . . Pick Up 69 | 8 21 9 25 3 1 2 Fast Attach 24 | 7 4 . 9 4 . . Attach 17 | . 1 . 9 . . 7 Detach 4 | . . . 4 . . . Swap 22 | . 7 5 10 . . . Drop 53 | . 13 12 18 6 1 3 Fire 170 | 21 53 7 58 15 1 15 Melee 23 | . . . 23 . . . Ram . | . . . . . . . Kick . | . . . . . . . Crush . | . . . . . . . Escape Stasis . | . . . . . . . Rewire . | . . . . . . . Trap 1 | . . . 1 . . . Miscellaneous . | . . . . . . . Route ------- -11/Scrapyard -10/Materials (discovered 5 exits: *Mat x3 / [*Min x2]) -10/Mines (discovered 2 exits: *Mat x2) -9/Materials (discovered 6 exits: [*Mat x3] / *Min x2 / *Sto) -9/Mines (discovered 2 exits: [*Mat] / *Exi) -9/Exiles -8/Mines History --------- Turn | Location | Event 38 | -11/Scrapyard | Discovered new exit (range 16) 257 | -11/Scrapyard | Entered Materials 318 | -10/Materials | Build established: Mutant 515 | -10/Materials | Discovered new exit (range 12) 655 | -10/Materials | Core integrity fell below 50% 698 | -10/Materials | Lost 3 parts (1p1n1u) 797 | -10/Materials | Discovered new exit (range 11) 990 | -10/Materials | Discovered new exit (range 16) 1002 | -10/Materials | Central database locked down 1028 | -10/Materials | Discovered new exit (range 12) 1223 | -10/Materials | Discovered new exit (range 8) 1454 | -10/Materials | Entered Mines 1455 | -10/Mines | Met a Derelict testing a Signal Generator 1467 | -10/Mines | Assisted by bots powering up and referring to "LRC-V3" 1469 | -10/Mines | Met a Derelict bent on vengeance 1581 | -10/Mines | Assembled infested the area 1586 | -10/Mines | Assisted by a Guerilla fighting off Assembled 1709 | -10/Mines | Learned 2 Materials zone layouts 1770 | -10/Mines | Identified exit to Materials 1787 | -10/Mines | Found a hidden stash of uninstalled traps 1989 | -10/Mines | Discovered exit to Materials (range 5) 2168 | -10/Mines | Entered Materials 2168 | -9/Materials | Accompanied by 2 allies 2168 | -9/Materials | Evolved 2 slots: Utility x1, Weapon x1 2169 | -9/Materials | Identified exit to Mines 2383 | -9/Materials | Discovered exit to Mines (range 10) 2448 | -9/Materials | Build established: Tank 2734 | -9/Materials | Central database locked down 3076 | -9/Materials | Discovered new exit (range 4) 3193 | -9/Materials | Build established: Gunner 3399 | -9/Materials | Identified exit to Storage 3575 | -9/Materials | Discovered new exit (range 9) 3904 | -9/Materials | Discovered new exit (range 3) 3936 | -9/Materials | Build established: Tank 4032 | -9/Materials | Repaired Spread Laser 4084 | -9/Materials | Repaired Cmb. Airjet 4117 | -9/Materials | Repaired Spread Laser 4588 | -9/Materials | Repaired Com. Wheel 5064 | -9/Materials | Entered Mines 5091 | -9/Mines | Discovered new exit (range 10) 5240 | -9/Mines | Core integrity fell below 50% 5273 | -9/Mines | Learned location of Storage (-9) 5280 | -9/Mines | Received a Rocket Launcher from a helpful Derelict 5458 | -9/Mines | Found the Drone Emporium 5467 | -9/Mines | Found Prototype Device 5467 | -9/Mines | Identified Splice Drone Bay 5688 | -9/Mines | A weapon hastily lodged in a ceiling crevice suddenly fell to the ground 5902 | -9/Mines | Deemed a non-threat by the Exiles lab entrance 5902 | -9/Mines | Discovered new exit (range 5) 5946 | -9/Mines | Entered Exiles 5981 | -9/Exiles | Met 8R-AWN 6022 | -9/Exiles | Met EX-HEX 6065 | -9/Exiles | Met EX-BIN 6106 | -9/Exiles | Met EX-DEC 6112 | -9/Exiles | Learned location of Zion (-6) 6386 | -9/Exiles | Aligned with FarCom system 6387 | -9/Exiles | Given EX-Vault access code 6421 | -9/Exiles | Opened EX-Vault 6433 | -9/Exiles | Found Superbattery 6469 | -9/Exiles | Warned to stay clear of 0b10 Research branches 6481 | -9/Exiles | Exiles lab attacked by MAIN.C 6557 | -9/Exiles | Attacked by the Exiles 6564 | -9/Exiles | Discovered new exit (range 10) 6591 | -9/Exiles | Left Exiles lab with Superbattery 6591 | -9/Exiles | Entered Mines 6713 | -8/Mines | CL-ANK came to Exiles' defense 6756 | -8/Mines | Destroyed CL-ANK 6778 | -8/Mines | Self-destructed Last Messages --------------- 06746_ Spread Laser destroyed. 06747_ Destroyed Med. Reflective Plating. 06755_ Cld. Ion Engine destroyed. 06755_ Spread Laser destroyed. 06756_ CL-ANK destroyed. 06756_ Com. Wheel destroyed. 06756_ Critical hit (Burn: +37). 06760_ K-01 Serf collects debris. 06765_ Dropped Superbattery. 06765_ Acquired Superbattery. 06766_ Dropped Superbattery. 06767_ Extracted 225 energy. 06767_ Acquired Superbattery. 06769_ K-01 Serf collects debris. 06769_ Dropped Huge Storage Unit. 06771_ K-01 Serf collects debris. 06773_ G-47 Trooper destroyed. 06774_ K-01 Serf collects debris. 06776_ Acquired 30 matter. 06777_ K-01 Serf collects debris. Map ----- +----------------------------------------------------+ | ????????????????????????????????????????? | | ????????????????????????????????????????? | | ????????????????????????????????????????? | | ????????????????????????????????????????? | | ????????????????????????????????????????? | | ????????????????????????????????????????? | | ????????????????????????????????????????? | | ????????????????????????????????????????? | | ????????????????????????????????????????? | | ????????????????????????????????????????? | | ????????????????????????????????????????? | | ????????????????????????????????????????? | | ????????????????????????????????????????? | | ????????????????????????????????????????? | | ????????????????????????????????????????? | | ????????????????????###?????????????????? | | ????????????????????# ?????????????????? | | ?????????????????#### ?????????????????? | | ?????????????????? # #####????????????? | | ????????????????# ##???????????? | | ????????????????# """ #???????????? | | ???????????????## """ #???????????? | | ?????????? ### """ #???????????? | | ????????? t #???????????? | | ????????? k = #####???????? | | ????????? % =@[ #???????? | | ????????? ###! t #???????? | | ????????? ### ????###### #???????? | | ????????????????## ???????????# #???????? | | ??????????????????????????????# ###?????? | | ?????????????????????????????## ##????? | | ????????????????????????????## #????? | | ??????????????????????????### ##????? | | ????????????????????????### ##?????? | | ???????????#####???????## ##?????? | | ??????????## ###?????# ##????? | | ??????????# ##????# ##???? | | ??????????# #????## """ ##??? | | ??????????# #???##### """ #??? | | ??????????## ##???# """ #??? | | ???????????# ##????# #??? | | ??????????## #####?# ##### ## ##??? | | ??????##### #?# #???##### ####???? | | ?????## ### #?# #???????# #??????? | | ????## #?# ### ######### #??????? | | ????# ### #??????? | | ???## ###### ###########??????? | | ???# ## #???# #????????????????? | | ???# ##### #?? #????????????????? | | ???# #???## ????????????????? | +----------------------------------------------------+ Best States ------------- Heat Dissipation 64 Energy Generation 14 Energy Capacity 280 Matter Stores 300 Matter Capacity 300 Sight Range 16 Terrain Scan Range 16 Terrain Scan Density 10 Weapon Shielding 33 Evasion (%) 55 Item Schematics ----------------- Cmb. Airjet | -9/Materials | Scanalyzed Hcp. Battery | -9/Materials | Hacked Adv. EMP Blaster | -9/Materials | Scanalyzed Cld. Ion Engine | -9/Materials | Scanalyzed Adv. Targeting Computer | -9/Materials | Scanalyzed Imp. EM Shotgun | -9/Materials | Scanalyzed Airjet | -9/Materials | Scanalyzed Robot Schematics ------------------ None Fabricated ------------ Nothing Alien Tech Used ----------------- None Achievements -------------- None Challenges ------------ None Game ------ Seed HellfireSpliceMapper Manual? 0 Play Time 00:59:31 Cumulative 204.5 hours Start 2022.03.28 @ 18:34:25 End 2022.03.28 @ 20:17:03 Sessions 1 Manual Loads 0 Difficulty Rogue Special Mode None Game No. 189 Rogue 189 Adventurer 0 Explorer 0 Win Type - Total 0 Types 0/0/0/0/0/0/0/0/0 Lore% 41 Gallery% 48 Achievement% 36 Wizard Run 0 Options --------- ASCII 0 Keyboard 0 Movement Mouse Keybinds 0 Fullscreen 1 Font 16/SmallcapsGlow Map View 75x55 Tactical HUD 1 Map Filters NONE Filters NONE Steam 1 RUN: c3a847fe-2605-44ea-ab28-eedf9f30abb7